 Dungeon Crawl Stone Soup version 0.21-a0-509-gecc5317 (webtiles) character file.

107 slep the Chopper (level 4, -5/38 HPs)
             Began as a Hill Orc Gladiator on Dec 1, 2017.
             Killed from afar by an orc wizard (7 damage)
             ... with a magic dart
             ... on level 3 of the Dungeon.
             The game lasted 00:04:25 (1598 turns).

slep the Chopper (Hill Orc Gladiator)               Turns: 1598, Time: 00:04:25

Health: -5/38      AC:  6    Str: 16    XL:     4   Next: 85%
Magic:  4/4        EV: 11    Int:  8    God:
Gold:   88         SH:  0    Dex: 13    Spells: 3/3 levels left

rFire    . . .     SeeInvis .   a - +0 war axe
rCold    + . .     Gourm    .   (no shield)
rNeg     . . .     Faith    .   s - +0 ring mail (curse)
rPois    .         Spirit   .   q - +0 helmet
rElec    .         Reflect  .   (no cloak)
rCorr    .         Harm     .   (no gloves)
MR       .....                  (no boots)
Stlth    +.........             (no amulet)
HPRegen  0.12/turn              r - ring of protection from cold
MPRegen  0.09/turn              (no ring)

@: drained
A: no striking features
a: no special abilities


You were on level 3 of the Dungeon.
You were not hungry.

You visited 1 branch of the dungeon, and saw 3 of its levels.

You collected 88 gold pieces.

Inventory:

Hand Weapons
 a - a +0 war axe (weapon)
Missiles
 d - 3 throwing nets (quivered)
Armour
 b - a +0 leather armour
 c - a +0 helmet
 l - a +0 scale mail
 q - a +0 helmet (worn)
 s - a cursed +0 ring mail (worn)
Jewellery
 g - an uncursed amulet of harm
 r - a ring of protection from cold (left hand)
Wands
 p - a wand of flame (30)
Scrolls
 h - a scroll of amnesia {unknown}
 i - 2 scrolls of identify {unknown}
 j - a scroll of immolation {unknown}
 o - a scroll of teleportation {unknown}
 t - a scroll of enchant weapon {unknown}
Potions
 e - a potion of magic {unknown}
 k - a potion of cancellation {unknown}
 m - a potion of heal wounds {unknown}
 n - 2 potions of mutation {unknown}
Comestibles
 f - 2 bread rations


   Skills:
 + Level 3.1(2.1) Fighting
 + Level 6.0(5.0) Axes
 + Level 1.8(0.9) Throwing
 + Level 1.0(0.2) Armour
 + Level 2.9(2.0) Dodging


You had 3 spell levels left.
You didn't know any spells.

Dungeon Overview and Level Annotations

Branches:
Dungeon (3/15)

Altars:


Message History

You barely miss the orc. You hit the orc wizard.
The orc wizard gestures at you while chanting.
The puff of frost hits you! You resist.
* * * LOW HITPOINT WARNING * * *
The orc wizard hits you but does no damage.
The orc misses you.
The orc wizard gestures wildly while chanting.
The orc wizard flickers and vanishes!
Deactivating autopickup; reactivate with Ctrl-A.
You closely miss something. You barely miss the orc wizard. You hit the orc.
You kill the orc!
You hear some strange, mumbled words.
A puff of frost appears from out of thin air!
The puff of frost hits you! You resist.
* * * LOW HITPOINT WARNING * * *
The orc wizard barely misses you.
You hear some strange, mumbled words.
A magic dart appears from out of thin air!
The magic dart hits you!
You die...

# #. # #. #. #. .##.
... ... ....#..
)...... ###...o####
#......o@..#
#.##.#.#..(#{##.#
#..........#. #)#
#..#......... #.# ##
#....#.#...## #.#
>.##.##.#.#...# #.#
..##....#.#...####.#
..........#........#
.............#####.#


You could see an orc wizard and an orc.

Vanquished Creatures
  Jessica (D:2)
  Robin (D:2)
  An ooze (D:1)
  A worm (D:2)
  3 dart slugs
  A leopard gecko (D:2)
  2 orcs (D:3)
  2 bats (D:2)
  4 giant cockroaches
  12 goblins
  10 hobgoblins
  2 jackals (D:1)
  2 quokkas (D:2)
  4 kobolds
  2 rats
48 creatures vanquished.

Notes
Turn   | Place    | Note
-------+----------+-------------------------------------------
     0 | D:1      | slep the Hill Orc Gladiator began the quest for the Orb.
     0 | D:1      | Reached XP level 1. HP: 18/18 MP: 1/1
   154 | D:1      | Reached XP level 2. HP: 24/25 MP: 2/2
   289 | D:1      | Reached XP level 3. HP: 18/30 MP: 3/3
   650 | D:2      | Reached skill level 5 in Axes
   699 | D:2      | Noticed Jessica
   712 | D:2      | Killed Jessica
   712 | D:2      | Reached XP level 4. HP: 13/37 MP: 4/4
  1160 | D:2      | Noticed Robin
  1172 | D:2      | Reached skill level 1 in Armour
  1179 | D:2      | Killed Robin
  1590 | D:3      | Reached skill level 6 in Axes
  1598 | D:3      | Killed from afar by an orc wizard

Vault maps used:
D:1:      nicolae_arrival_somewhat_less_tricky_arrival
D:2:      uniq_robin, uniq_jessica
D:3:      minivault_23, chequers_big_river, amethyst_killhole, uniq_grinder

Skill      XL: |  1  2  3  4 |
---------------+-------------+-----
Axes           | 5 6 |  6.0
Fighting       | 3 |  3.1
Armour         | 1 |  1.0
Throwing       | |  1.8
Dodging        | |  2.9

Action                   |  1- 3 |  4- 6 || total
-------------------------+-------+-------++-------
Melee: War axe           |    55 |    58 ||   113
  Eat: Chunk             |       |     2 ||     2
Armor: Leather armour    |    24 |       ||    24
       Scale mail        |       |    29 ||    29
       Ring mail         |       |     9 ||     9
Dodge: Dodged            |    48 |    52 ||   100

Table legend:
 A = Spawn XP
 B = Non-spawn XP
 C = Spawn XP percentage of total XP
 D = Spawn monster count
 E = Non-spawn monster count
 F = Spawn count percentage of total count
 G = Total turns spent on level
                    A         B        C        D         E        F      G
               +---------+---------+-------+---------+---------+-------+---------
         Total |       0 |     153 |   0.0 |       0 |      48 |   0.0 |  1598
               +---------+---------+-------+---------+---------+-------+---------
           D:1 |       0 |      36 |   0.0 |       0 |      16 |   0.0 |   546
           D:2 |       0 |     107 |   0.0 |       0 |      28 |   0.0 |   919
           D:3 |       0 |      10 |   0.0 |       0 |       4 |   0.0 |   133
               +---------+---------+-------+---------+---------+-------+---------
